AoeStats
← Salmonella Fitzgerald

African Clearing

506566086Analyzed
3v3 RM · 19d ago on Sep 14, 2026· 59m 54s· 6 players
Game mode
Random Map
Map size
Normal (6 player)
Population
200
Speed
Normal
Resources
Standard
Victory
Conquest
Starting age
Dark Age
Ending age
Imperial Age
RankedLock teamsTeams togetherTeam positionsShared explorationLock speedFull tech treeHidden civsTurbo modeCheats
Victory
Defeat
🇺🇸 Mongols · United States
1101
+12
🇨🇳 Koreans · China
1091
+12
🇲🇽 Armenians · Mexico
1048
+14
🇦🇷 Mongols · Argentina
1171
-19
🇦🇷 Spanish · Argentina
935
-10
🇦🇷 Bulgarians · Argentina
897
-9
El viejo7335
3:53 Loom
14:03 Feudal Age
14:26 Man-at-Arms
19:12 Horse Collar
24:37 Castle Age
23:43 Long Swordsman
25:49 Heavy Plow
26:32 Squires
26:19 Arson
26:21 Gambesons
32:27 Double-Bit Axe
35:14 Stone Mining
35:22 Gold Mining
37:57 Bow Saw
41:38 Imperial Age
40:43 Wheelbarrow
39:54 Town Watch
40:15 Scale Mail Armor
40:26 Forging
40:08 Fletching
41:00 Gold Shaft Mining
40:14 Two-Handed Swordsman
40:15 Pikeman
41:25 Champion
42:25 Chain Mail Armor
42:46 Iron Casting
42:33 Hand Cart
43:47 Chemistry
44:08 Cilician Fleet
45:56 Blast Furnace
我的哈哈哈
9:01 Loom
10:05 Loom
15:23 Feudal Age
18:55 Castle Age
16:42 Horse Collar
16:52 Double-Bit Axe
17:42 Stone Mining
17:51 Gold Mining
19:08 Forging
19:01 Scale Mail Armor
20:26 Wheelbarrow
22:01 Gambesons
23:57 Town Watch
27:51 Heavy Plow
27:57 Man-at-Arms
29:06 Bow Saw
31:56 Gold Shaft Mining
31:16 Stone Mining
31:19 Fletching
32:17 Chain Mail Armor
32:59 Squires
34:00 Forging
34:22 Bodkin Arrow
36:31 Iron Casting
36:26 Ballistics
40:23 Imperial Age
38:43 Eupseong
39:12 Long Swordsman
40:21 Crossbowman
41:43 Conscription
42:14 Hand Cart
43:29 Chemistry
42:06 Elite Skirmisher
47:32 Thumb Ring
49:42 Stone Shaft Mining
49:15 Elite Fire Lancer
50:23 Fortified Wall
50:22 Siege Engineers
50:29 Fortified Wall
51:19 Masonry
52:04 Plate Mail Armor
52:18 Town Patrol
52:21 Arson
53:12 Bracer
53:56 Architecture
53:22 Murder Holes
58:30 Scale Barding Armor
fatmuddybear
11:23 Feudal Age
16:22 Castle Age
15:08 Double-Bit Axe
16:05 Scale Barding Armor
16:12 Forging
17:17 Bloodlines
21:21 Husbandry
25:49 Loom
25:50 Town Watch
26:40 Wheelbarrow
32:50 Horse Collar
39:00 Imperial Age
38:55 Hand Cart
38:41 Town Patrol
38:33 Fletching
39:35 Bodkin Arrow
40:00 Gold Mining
40:03 Stone Mining
40:17 Bracer
41:35 Conscription
41:45 Padded Archer Armor
43:18 Leather Archer Armor
43:14 Thumb Ring
43:35 Parthian Tactics
45:13 Coinage
50:26 Chemistry
49:46 Ballistics
52:09 Banking
52:07 Capped Ram
53:16 Siege Ram
54:06 Nomads
54:27 Drill
55:24 Bow Saw
56:30 Chain Barding Armor
56:45 Iron Casting
56:21 Elite Steppe Lancer
57:22 Elite Mangudai
Salmonella Fitzgerald
13:52 Feudal Age
15:16 Double-Bit Axe
23:52 Castle Age
24:25 Scale Barding Armor
24:32 Forging
29:07 Chain Barding Armor
29:23 Iron Casting
37:57 Horse Collar
40:58 Wheelbarrow
43:55 Imperial Age
44:43 Stirrups
45:58 Hand Cart
46:31 Plate Barding Armor
46:57 Blast Furnace
46:36 Elite Konnik
55:21 Scale Mail Armor
Paulo Silas
10:52 Loom
13:56 Feudal Age
17:51 Fletching
18:02 Padded Archer Armor
24:25 Castle Age
23:58 Forging
25:17 Pikeman
27:19 Scale Mail Armor
35:23 Bodkin Arrow
37:50 Leather Archer Armor
40:01 Ballistics
41:46 Husbandry
41:57 Bloodlines
46:21 Imperial Age
50:00 Scale Barding Armor
52:11 Chain Barding Armor
56:43 Iron Casting
elpedritox
6:40 Loom
18:12 Feudal Age
19:52 Wheelbarrow
19:19 Horse Collar
24:10 Scale Mail Armor
24:21 Forging
39:58 Castle Age
40:34 Pikeman
41:14 Squires
43:39 Elite Skirmisher
55:11 Scale Barding Armor
55:43 Iron Casting
55:00 Fletching
56:14 Husbandry
59:51 Chain Barding Armor
59:36 Padded Archer Armor
62:59 Imperial Age
Connection lost

Rejoining the realm…

Still unreachable

The connection could not be restored.

Session expired

The server has moved on; the page needs a fresh start.